 Dungeon Crawl Stone Soup version 0.22-a0-877-g5c4e1af (webtiles) character file.

511 prawnwizard the Ducker (level 6, -1/48 HPs)
             Began as a Demonspawn Gladiator on July 29, 2018.
             Slain by Edmund
             ... wielding a +0 flail of holy wrath
              (2 damage)
             ... on level 4 of the Dungeon.
             The game lasted 00:05:19 (4573 turns).

prawnwizard the Ducker (Demonspawn Gladiator)       Turns: 4573, Time: 00:05:19

Health: -1/48      AC:  9    Str: 16    XL:     6   Next: 99%
Magic:  15/15      EV:  8    Int: 10    God:
Gold:   194        SH:  0    Dex: 14    Spells: 5/5 levels left

rFire    . . .     SeeInvis .     - Unarmed
rCold    . . .     Gourm    .   (no shield)
rNeg     . . .     Faith    .   l - +0 chain mail
rPois    .         Spirit   .   c - +0 helmet
rElec    .         Reflect  .   (no cloak)
rCorr    +         Harm     .   (no gloves)
MR       .....                  (no boots)
Stlth    ..........             (no amulet)
HPRegen  0.16/turn              m - ring of resist corrosion
MPRegen  0.14/turn              s - ring of magical power

@: no status effects
A: claws 2, hooves 1, powered by death 1
a: no special abilities


You were on level 4 of the Dungeon.
You were very hungry.

You visited 1 branch of the dungeon, and saw 4 of its levels.
You also visited: Sewer.

You collected 194 gold pieces.

Inventory:

Missiles
 d - 3 throwing nets (quivered)
Armour
 b - a +0 leather armour
 c - a +0 helmet (worn)
 l - a +0 chain mail (worn)
 A - a cursed +0 shield
Jewellery
 m - a ring of resist corrosion (left claw)
 s - a ring of magical power (right claw)
Scrolls
 g - 5 scrolls of teleportation {unknown}
 i - 2 scrolls of enchant armour {unknown}
 j - a scroll of noise {unknown}
 k - 2 scrolls of immolation {unknown}
 n - 4 scrolls of remove curse {unknown}
 q - 4 scrolls of identify {unknown}
 t - 2 scrolls of magic mapping {unknown}
 x - a scroll of fog {unknown}
 y - 2 scrolls of amnesia {unknown}
 B - a scroll of enchant weapon {unknown}
Potions
 e - a potion of lignification {unknown}
 h - 3 potions of flight {unknown}
 o - 4 potions of heal wounds {unknown}
 p - 2 potions of degeneration {unknown}
 r - a potion of resistance {unknown}
 u - 2 potions of might {unknown}
 v - a potion of curing {unknown}
 w - 3 potions of magic {unknown}
 z - a potion of agility {unknown}
Comestibles
 f - 6 rations


   Skills:
 + Level 4.0 Fighting
   Level 4.1 Long Blades
 - Level 1.7 Throwing
 + Level 4.2 Dodging
 * Level 3.2 Unarmed Combat


You had 5 spell levels left.
You didn't know any spells.
Your spell library was empty.

Dungeon Overview and Level Annotations

Branches:
Dungeon (4/15)
 Temple: D:4-7

Altars:

Annotations:
D:4 Dowan, Duvessa, Edmund


Innate Abilities, Weirdness & Mutations

You have very sharp fingernails.
You have large cloven feet.
You regenerate a little health from kills.


Message History

Edmund hits you with a flail of holy wrath.
You convulse.
* * * LOW HITPOINT WARNING * * *
You scratch Edmund but do no damage. You kick Edmund, but do no damage.
Edmund is severely wounded.
Edmund hits you but does no damage.
You scratch Edmund.
Edmund is almost dead.
You closely miss Edmund.
Edmund is almost dead.
Edmund hits you with a flail of holy wrath.
* * * LOW HITPOINT WARNING * * *
You convulse.
* * * LOW HITPOINT WARNING * * *
You barely miss Edmund. You kick Edmund, but do no damage.
Edmund is almost dead.
Edmund hits you with a flail of holy wrath!
* * * LOW HITPOINT WARNING * * *
You convulse.
You die...

#.#..#####........
###.#..#....)..#...#
####....#..........+...#
........###...###.##...#
..................###...
.......#.##..##.........
...... #.#...##.........
......##@...............
####'#.@.#..###.##......
.......).#....#.#####...
.......<.##.#.#.# #...
.........##.#.#O#####...
............#.#.....#...
........#####.#....O#...
####+#+## ..........'...
..........#...
...........#...


You could see Edmund.

Vanquished Creatures
  An ogre (D:4)
  A scorpion (D:4)
  An orc wizard (D:4)
  A hound (D:4)
  Natasha (thrice) (D:3)
  A worker ant (D:4)
  Robin (D:4)
  A gnoll (D:2)
  9 adders
  A river rat (Sewer)
  2 oozes
  2 worms
  A dart slug (D:1)
  3 leopard geckos
  4 orcs
  4 ball pythons
  6 giant cockroaches
  20 goblins
  8 hobgoblins
  4 jackals (D:4)
  A quokka (D:3)
  8 bats
  3 frilled lizards
  11 kobolds
  5 rats
102 creatures vanquished.

Notes
Turn   | Place    | Note
-------+----------+-------------------------------------------
     0 | D:1      | prawnwizard the Demonspawn Gladiator began the quest for the Orb.
     0 | D:1      | Reached XP level 1. HP: 16/16 MP: 1/1
   535 | D:1      | Gained mutation: You regenerate a little health from kills. [demonic ancestry]
   535 | D:1      | Reached XP level 2. HP: 20/22 MP: 2/2
  1029 | D:1      | Gained mutation: You have large cloven feet. [demonic ancestry]
  1029 | D:1      | Reached XP level 3. HP: 22/28 MP: 3/3
  1694 | D:2      | Reached XP level 4. HP: 34/34 MP: 4/4
  1978 | D:3      | Found a glowing drain.
  2017 | Sewer    | Entered a sewer
  3040 | D:3      | Gained mutation: You have sharp fingernails. [demonic ancestry]
  3040 | D:3      | Reached XP level 5. HP: 41/41 MP: 5/5
  3129 | D:3      | Noticed Natasha
  3136 | D:3      | Killed Natasha
  3199 | D:3      | Found a faded altar of an unknown god.
  3326 | D:3      | Reached skill level 1 in Unarmed Combat
  3380 | D:3      | Noticed Natasha
  3388 | D:3      | Killed Natasha
  3590 | D:4      | Noticed Duvessa
  3592 | D:4      | Noticed Dowan
  3653 | D:3      | Noticed Natasha
  3658 | D:3      | Killed Natasha
  3658 | D:3      | Gained mutation: You have very sharp fingernails. [demonic ancestry]
  3658 | D:3      | Reached XP level 6. HP: 19/47 MP: 6/6
  3936 | D:4      | Noticed Robin
  3968 | D:4      | Killed Robin
  4440 | D:4      | Noticed Edmund
  4573 | D:4      | HP: 1/48 [Edmund/flail of holy wrath (7)]
  4573 | D:4      | Slain by Edmund

Vault maps used:
D:1:      evilmike_arrival_rings, kennysheep_pointless_box
D:2:      minmay_domino_2
D:3:      gup_sewer_entry_glass, first_ration, chequers_ecumenical_altar_simple,
          uniq_natasha
D:4:      uniq_duvessa, uniq_edmund, uniq_robin
Sewer:    sewer_co_15_rooms

Skill      XL: |  1  2  3  4  5  6 |
---------------+-------------------+-----
Long Blades    | 3 4 |  4.1
Dodging        | 3 4 |  4.2
Fighting       | 3 4 |  4.0
Unarmed Combat | 2 3 |  3.2
Throwing       | |  1.7

Action                   |  1- 3 |  4- 6 || total
-------------------------+-------+-------++-------
Melee: Long sword        |   111 |   173 ||   284
       Kick              |    12 |    89 ||   101
       Unarmed           |       |   108 ||   108
       Punch             |       |     1 ||     1
 Stab: Sleeping          |     1 |       ||     1
  Eat: Chunk             |     3 |     5 ||     8
       Ration            |       |     1 ||     1
Armor: Leather armour    |    13 |       ||    13
       Chain mail        |    37 |   201 ||   238
Dodge: Dodged            |    80 |   122 ||   202
       Rpst.: Long sword |    26 |    28 ||    54

Table legend:
 A = Spawn XP
 B = Non-spawn XP
 C = Spawn XP percentage of total XP
 D = Spawn monster count
 E = Non-spawn monster count
 F = Spawn count percentage of total count
 G = Total turns spent on level
                    A         B        C        D         E        F      G
               +---------+---------+-------+---------+---------+-------+---------
         Total |       0 |     731 |   0.0 |       0 |     102 |   0.0 |  4573
               +---------+---------+-------+---------+---------+-------+---------
           D:1 |       0 |      44 |   0.0 |       0 |      25 |   0.0 |  1259
           D:2 |       0 |      53 |   0.0 |       0 |      12 |   0.0 |   641
           D:3 |       0 |     162 |   0.0 |       0 |      22 |   0.0 |  1280
           D:4 |       0 |     394 |   0.0 |       0 |      28 |   0.0 |   429
         Sewer |       0 |      78 |   0.0 |       0 |      15 |   0.0 |   964
               +---------+---------+-------+---------+---------+-------+---------
